 Dungeon Crawl Stone Soup version 0.19-a0-519-gb6a5606 (webtiles) character file.

6848 Etesian the Zephyrmancer (level 11, 2/54 HPs)
             Began as a Tengu Air Elementalist on June 7, 2016.
             Was a Believer of Vehumet.
             Quit the game on level 1 of the Lair of Beasts.
             The game lasted 00:52:44 (17959 turns).

Etesian the Zephyrmancer (Tengu Air Elementalist)  Turns: 17959, Time: 00:52:44

Health: 2/54       AC:  3    Str:  8    XL:     11   Next: 6%
Magic:  2/21       EV: 19    Int: 19    God:    Vehumet [**....]
Gold:   439        SH:  0    Dex: 22    Spells: 5 memorised, 9 levels left

rFire  . . .     SeeInvis .     a - +11 hand axe "Zuagidya" {chop, Dex+7}
rCold  . . .     Gourm    .     o - +1 robe
rNeg   . . .     Faith    .     (no shield)
rPois  .         Spirit   .     (helmet restricted)
rElec  .         Dismiss  .     (no cloak)
rCorr  .         Reflect  .     (no gloves)
SustAt .         Harm     .     (boots unavailable)
MR     ++...                    (no amulet)
Stlth  +++.......               h - ring of protection from magic
                                u - ring of protection from magic

@: lethally poisoned (2 -> -12), repel missiles, very resistant to hostile
enchantments, fairly stealthy
A: beak, talons 3, able to fly 1
a: Fly, Renounce Religion


You were on level 1 of the Lair of Beasts.
You worshipped Vehumet.
Vehumet was pleased with you.
You were near starving.

You visited 3 branches of the dungeon, and saw 12 of its levels.
You also visited: Volcano.

You collected 439 gold pieces.

Inventory:

Hand Weapons
 a - the +11 hand axe "Zuagidya" (weapon) {chop, Dex+7}
   (You found it on level 1 of the Lair of Beasts)

   It inflicts extra damage upon your enemies.
   It affects your dexterity (+7).
Missiles
 g - 5 tomahawks (quivered)
 p - a throwing net
Armour
 o - a +1 robe (worn)
Magical Staves
 b - an uncursed staff of fire
Jewellery
 e - an uncursed ring of see invisible
 h - a ring of protection from magic (right hand)
 u - a ring of protection from magic (left hand)
Wands
 q - a wand of hasting (5/9)
 r - a wand of flame (28/48)
 s - a wand of iceblast (12/15)
 y - a wand of acid (4/15)
Scrolls
 f - 2 scrolls of teleportation
 i - 3 scrolls of amnesia
 k - 2 scrolls of identify
 m - 3 scrolls of remove curse
 t - a scroll of enchant weapon
 x - a scroll of enchant armour
Potions
 d - a potion of cure mutation
 j - a potion of lignification
 n - a potion of agility
 z - a potion of heal wounds
 A - a potion of ambrosia
 B - 2 potions of brilliance
Books
 l - a book of Air

   Spells                             Type                      Level
   a - Shock                          Conjuration/Air              1
   b - Swiftness                      Charms/Air                   2
   c - Repel Missiles                 Charms/Air                   2
   d - Static Discharge               Conjuration/Air              3
   e - Lightning Bolt                 Conjuration/Air              5
Comestibles
 c - 3 bread rations
 v - 6 beef jerkies
 w - 4 fruits


   Skills:
 + Level 7.3 Dodging
 - Level 2.0 Stealth
 + Level 6.3 Spellcasting
 * Level 12.5 Conjurations
 * Level 12.8 Air Magic


You had 9 spell levels left.
You knew the following spells:

 Your Spells              Type           Power        Failure   Level  Hunger
a - Shock                 Conj/Air       ####         1%          1    None
b - Swiftness             Chrm/Air       ####....     1%          2    None
d - Static Discharge      Conj/Air       ######..     1%          3    ##.....
e - Lightning Bolt        Conj/Air       ######....   1%          5    #####..
j - Repel Missiles        Chrm/Air       ####..       1%          2    None


Dungeon Overview and Level Annotations

Branches:
Dungeon (10/15)            Temple (1/1) D:4            Lair (1/8) D:8
    Orc: D:9-12

Altars:
Ashenzari
Cheibriados
Dithmenos
Elyvilon
Fedhas
Gozag
Hepliaklqana
Kikubaaqudgha
Makhleb
Nemelex Xobeh
Okawaru
Pakellas
Qazlal
Ru
Sif Muna
Trog
Uskayaw
Vehumet
Xom
Yredelemnul
Zin
The Shining One

Annotations:
D:6 exclusion: statue


Innate Abilities, Weirdness & Mutations

You have a beak for a mouth.
You have claws for feet.
You can fly.


Message History

The spiny frog barely misses you.
You barely miss the spiny frog. Your kick misses the spiny frog.
The spiny frog is severely wounded.
You hit the spiny frog.
The spiny frog is moderately wounded.
The spiny frog stings you! The spiny frog barely misses you.
The spiny frog closely misses you.
You take 13 damage, and have 41/54 hp.
MASSIVE DAMAGE!!
You closely miss the spiny frog. Your kick misses the spiny frog.
The spiny frog is severely wounded.
You hit the spiny frog.
The spiny frog is moderately wounded.
The spiny frog stings you! The spiny frog stings you!!
* * * LOW HITPOINT WARNING * * *
The spiny frog stings you.
* * * LOW HITPOINT WARNING * * *
You are lethally poisoned!
The spiny frog poisons you!
You take 39 damage, and have 2/54 hp.
MASSIVE DAMAGE!!
Are you sure you want to abandon this character and quit the game? (Confirm with "yes".)

.##.......##.....#
.###.....###.....##
..##.....##..##..P#
..###....##..##..##
.## ##.####..##..##
.## ### #....#...#
.P#### ###...##..##
...#.###.....##...#
.............##.@##
......####....#.FF#
......# ##..##..##
......# #...#..#
......# #..##..#
......# #..##..#
......# ##......#
....... .........#
.....##..#


You could see 2 spiny frogs.

Vanquished Creatures
  Pikel (D:4)
  A black mamba (Lair:1)
  A spiny frog (Lair:1)
  A centaur skeleton (D:7)
  A troll (D:9)
  Prince Ribbit (D:7)
  4 yaks
  Eustachio (D:3)
  3 fire bats (Lair:1)
  Edmund (D:4)
  2 water moccasins (Lair:1)
  A porcupine (Lair:1)
  Duvessa (D:3)
  2 ice beasts (D:9)
  3 slaves
  2 ogres
  2 phantoms
  3 centaurs
  A big kobold (D:9)
  7 giant frogs
  The ghost of removemottled the Vexing, an amateur FeEn (D:3)
  Dowan (D:4)
  3 scorpions
  5 killer bees (D:9)
  6 wights
  5 crimson imps
  3 howler monkeys
  A quasit (D:8)
  3 hounds
  4 jellies
  7 orc priests
  An orc wizard (D:9)
  A giant frog skeleton (D:8)
  2 iguanas
  9 worker ants
  2 killer bee zombies
  7 gnolls
  2 howler monkey skeletons
  11 adders
  A shadow imp (D:7)
  An ooze (D:5)
  An adder skeleton (D:4)
  7 worms
  11 giant geckos
  28 orcs
  8 bats
  4 giant cockroaches
  13 goblins
  6 hobgoblins
  13 jackals
  16 kobolds
  12 quokkas
  5 ball pythons
  A giant gecko skeleton (D:5)
  A giant gecko zombie (D:7)
  8 giant newts
  2 quokka skeletons
  11 rats
262 creatures vanquished.

Vanquished Creatures (others)
  An orc warrior (D:8)
  A slave (D:5)
  A giant frog (D:8)
  2 worker ants (D:8)
  2 adders (D:8)
  An orc (D:5)
  A quokka (D:8)
  A giant gecko skeleton (D:8)
10 creatures vanquished.

Grand Total: 272 creatures vanquished

Notes
Turn   | Place    | Note
--------------------------------------------------------------
     0 | D:1      | Etesian the Tengu Air Elementalist began the quest for the Orb.
     0 | D:1      | Reached XP level 1. HP: 10/10 MP: 4/4
   120 | D:1      | Reached XP level 2. HP: 15/15 MP: 0/6
   705 | D:1      | Reached XP level 3. HP: 19/19 MP: 3/7
   798 | D:1      | Learned a level 3 spell: Static Discharge
  1309 | D:2      | Reached XP level 4. HP: 24/24 MP: 1/8
  1485 | D:2      | Found an ancient bone altar of Kikubaaqudgha.
  1496 | D:2      | Found a stormy altar of Qazlal.
  1698 | D:2      | Found a shattered altar of Ashenzari.
  1698 | D:2      | Found a snail-covered altar of Cheibriados.
  1702 | D:2      | Found a shimmering altar of Xom.
  1715 | D:2      | Found a sparkling altar of Nemelex Xobeh.
  1716 | D:2      | Found a deep blue altar of Sif Muna.
  1718 | D:2      | Found a glowing golden altar of the Shining One.
  1719 | D:2      | Found an iron altar of Okawaru.
  1721 | D:2      | Found an opulent altar of Gozag.
  1803 | D:2      | Noticed a moth of wrath
  1806 | D:2      | Found a bloodstained altar of Trog.
  2092 | D:2      | Reached skill level 5 in Air Magic
  2379 | D:3      | Gained mutation: You are partially covered in rugged brown scales. (AC +1, +3% HP) [potion of mutation]
  2379 | D:3      | Gained mutation: You are occasionally teleported next to monsters. [potion of mutation]
  2380 | D:3      | Lost mutation: You are occasionally teleported next to monsters. [potion of cure mutation]
  2380 | D:3      | Lost mutation: You are partially covered in rugged brown scales. (AC +1, +3% HP) [potion of cure mutation]
  2436 | D:3      | Noticed removemottled's ghost (amateur FeEn)
  2442 | D:3      | Gained mutation: You can fly. [Tengu growth]
  2442 | D:3      | Reached XP level 5. HP: 13/28 MP: 4/9
  2610 | D:3      | Learned a level 5 spell: Lightning Bolt
  3252 | D:3      | Found a hazy altar of Hepliaklqana.
  3443 | D:4      | Noticed Duvessa
  3443 | D:4      | Noticed Dowan
  3445 | D:4      | Noticed Edmund
  3952 | D:4      | Noticed Eustachio
  4719 | D:3      | Killed Eustachio
  4719 | D:3      | Reached skill level 5 in Conjurations
  4719 | D:3      | Reached XP level 6. HP: 32/32 MP: 6/11
  5298 | D:3      | Reached XP level 7. HP: 21/36 MP: 2/12
  6035 | D:4      | Killed Edmund
  6230 | D:4      | Killed Dowan
  6401 | D:4      | Found a white marble altar of Elyvilon.
  6479 | D:4      | Noticed Pikel
  6485 | D:3      | Killed Duvessa
  6822 | D:4      | Reached XP level 8. HP: 38/41 MP: 8/14
  6871 | D:4      | Found a staircase to the Ecumenical Temple.
  6886 | Temple   | Entered the Ecumenical Temple
  7656 | D:3      | Killed removemottled's ghost
  8387 | D:4      | Killed Pikel
  8506 | D:5      | Entered Level 5 of the Dungeon
  8521 | D:4      | Reached skill level 5 in Dodging
  9279 | D:5      | Found a shadowy altar of Dithmenos.
  9284 | D:5      | Reached XP level 9. HP: 45/45 MP: 10/16
  9686 | D:5      | Learned a level 2 spell: Repel Missiles
  9689 | D:5      | Learned a level 2 spell: Swiftness
  9786 | D:6      | HP: 2/45 [poisoned by a scorpion]
 10862 | D:6      | Found a radiant altar of Vehumet.
 10904 | D:6      | Became a worshipper of Vehumet
 11074 | D:6      | Found a white marble altar of Elyvilon.
 11575 | D:7      | Reached skill level 5 in Spellcasting
 11575 | D:7      | Reached skill level 10 in Air Magic
 11736 | D:7      | Found a hide-covered altar of Uskayaw.
 11737 | D:7      | Noticed a dagger
 11737 | D:7      | Noticed a dagger
 12381 | D:7      | Reached skill level 10 in Conjurations
 12565 | D:7      | Noticed Prince Ribbit
 12934 | D:7      | Killed Prince Ribbit
 13626 | D:7      | Reached XP level 10. HP: 50/50 MP: 3/19
 13788 | D:8      | Found a burning altar of Makhleb.
 14247 | D:8      | Found a shimmering altar of Xom.
 14257 | D:8      | Found a staircase to the Lair.
 14300 | D:8      | Found a glowing silver altar of Zin.
 14699 | D:9      | Reached * piety under Vehumet
 14699 | D:9      | Offered knowledge of Magic Dart by Vehumet.
 16405 | D:10     | Entered Level 10 of the Dungeon
 16706 | Lair:1   | Entered Level 1 of the Lair of Beasts
 16725 | Lair:1   | Reached ** piety under Vehumet
 16727 | Lair:1   | Offered knowledge of Freeze by Vehumet.
 16977 | Lair:1   | Found a dark tunnel.
 16986 | Volcano  | Entered a volcano
 17534 | Lair:1   | Got a translucent hand axe
 17535 | Lair:1   | Identified the +11 hand axe "Zuagidya" {chop, Dex+7} (You found it on level 1 of the Lair of Beasts)
 17587 | Lair:1   | Noticed a black mamba
 17595 | Lair:1   | Killed a black mamba
 17595 | Lair:1   | Reached XP level 11. HP: 38/54 MP: 16/21
 17958 | Lair:1   | HP: 2/54 [spiny frog (2)]
 17959 | Lair:1   | Quit the game

Vault maps used:
D:1:      lemuel_arrival_room, st_stairs_5
D:2:      minitemple, gammafunk_temple_overflow_pools, serial_forest,
          infiniplex_forest_lined_ring, infiniplex_forest_clump_diagonal,
          infiniplex_forest_lined_1, infiniplex_forest_lined_room_2,
          infiniplex_forest_clump_medium, infiniplex_forest_lined_room_3,
          infiniplex_forest_corner_1, tgw_trog
D:3:      lemuel_doored_altar, serial_aquarium, aquarium_bridge_long_separate,
          aquarium_window_1, aquarium_window_fake, aquarium_window_2,
          aquarium_view_2d, aquarium_balcony_5b, aquarium_pool_S, first_bread
D:4:      temple_statues, elyvilon_altar_5, uniq_duvessa, uniq_eustachio,
          uniq_pikel, uniq_edmund
D:5:      serial_curves, eino_curves_01, eino_curves_02,
          nicolae_dithmenos_shadow_blocks
D:6:      vehumet_statue, kennysheep_little_box
D:7:      dancing_weapons_uskayaw, serial_glass, glass_columns_c,
          glass_columns_c, glass_columns_b, glass_columns_a, grunt_ogre_cave,
          hangedman_abyss_or_decor_slice, hangedman_glass_teeth,
          uniq_prince_ribbit1
D:8:      lemuel_coloured_pillars_altar, old_standard_altar, lair_0_dummy,
          xom_confusion_cloud
D:10:     david_orc_4, serial_column_ruins, column_ruins_corridor_corner,
          column_ruins_open_tiny, column_ruins_grid_1,
          column_ruins_corridor_dead_end, column_ruins_open_tiny, uniq_erica,
          uniq_harold
Temple:   circular_temple_6
Lair:1:   nicolae_volcano_entry_batcave, minivault_24, fungi_pond_lemuel,
          beast_lair_carwin_11
Volcano:  volcano_tomb

Skill      XL: |  1  2  3  4  5  6  7  8  9 10 |
---------------+-------------------------------+-----
Conjurations   | 2 3 4 5 6 8 10 12 | 12.5
Air Magic      | 5 6 7 9 10 12 | 12.8
Dodging        | 3 4 5 6 7 |  7.3
Spellcasting   | 3 4 5 6 |  6.3
Stealth        | |  2.0

Action                   |  1- 3 |  4- 6 |  7- 9 | 10-12 || total
-------------------------+-------+-------+-------+-------++-------
Melee: Club              |    15 |       |       |       ||    15
       Kick              |     8 |     4 |    15 |    12 ||    39
       Peck              |     3 |     3 |    16 |     8 ||    30
       Dagger            |    17 |    27 |       |       ||    44
       Rapier            |       |     5 |    57 |       ||    62
       Halberd           |       |       |    45 |    64 ||   109
       Whip              |       |       |    27 |       ||    27
       Hand axe          |       |       |       |    10 ||    10
Throw: Tomahawk          |     5 |       |     1 |     2 ||     8
 Cast: Shock             |    54 |   110 |   151 |    78 ||   393
       Static Discharge  |     1 |    18 |    39 |    23 ||    81
       Lightning Bolt    |       |       |    38 |    31 ||    69
       Repel Missiles    |       |       |     2 |       ||     2
       Swiftness         |       |       |     1 |       ||     1
 Abil: Fly               |       |     5 |     9 |       ||    14
  Use: Scroll            |     8 |     6 |     9 |     5 ||    28
       Potion            |       |     2 |     1 |       ||     3
 Stab: Sleeping          |     3 |     3 |       |     1 ||     7
  Eat: Chunk             |     2 |    16 |    27 |    13 ||    58
       Royal jelly       |       |       |     1 |       ||     1
       Bread ration      |       |       |     2 |     1 ||     3
       Beef jerky        |       |       |     2 |       ||     2
       Fruit             |       |       |     1 |       ||     1
       Pizza             |       |       |     1 |       ||     1
       Meat ration       |       |       |       |     1 ||     1
Armor: Robe              |     3 |    13 |    24 |     9 ||    49
Dodge: Dodged            |    32 |    69 |   146 |    71 ||   318
       Deflected         |       |       |     2 |       ||     2
